 Dungeon Crawl Stone Soup version 0.17.1-2-g5865329 (webtiles) character file.

162 Grim the Cudgeler (level 5, -5/88 HPs)
             Began as an Ogre Berserker on Feb 12, 2016.
             Was a Priest of Trog.
             Slain by an ice beast (6 damage)
             ... on level 3 of the Dungeon.
             The game lasted 00:07:19 (4477 turns).

Grim the Cudgeler (Ogre Berserker)                  Turns: 4477, Time: 00:07:19

Health: -5/88      AC:  3    Str: 27    XL:     5   Next: 43%
Magic:  5/5        EV: 10    Int:  6    God:    Trog [***...]
Gold:   102        SH:  0    Dex: 10    Spells: 0 memorised, 4 levels left

rFire  . . .     SeeInvis .     g - +0 whip
rCold  . . .     Clarity  .     b - +0 animal skin
rNeg   . . .     SustAt   .     (no shield)
rPois  .         Gourm    .     (helmet restricted)
rElec  .         Spirit   .     (no cloak)
rCorr  .         Warding  .     (gloves unavailable)
rMut   .         Stasis   .     (boots unavailable)
MR     .....                    (no amulet)
Stlth  ..........               (no ring)
                                (no ring)

@: berserking, very quick, not resistant to hostile enchantments, extremely
unstealthy
A: unfitting armour, tough skin 1
a: Berserk, Trog's Hand, Burn Spellbooks, Renounce Religion


You were on level 3 of the Dungeon.
You worshipped Trog.
Trog was most pleased with you.
You were not hungry.

You visited 1 branch of the dungeon, and saw 3 of its levels.

You collected 102 gold pieces.

Inventory:

Hand Weapons
 g - a +0 whip (weapon)
Armour
 b - a +0 animal skin (worn)
Jewellery
 a - an uncursed ring of protection from cold {unknown}
Wands
 m - a wand of confusion (30)
Scrolls
 d - 3 scrolls of identify {unknown}
 e - a scroll of enchant weapon {unknown}
 f - 2 scrolls of remove curse {unknown}
 k - a scroll of magic mapping {unknown}
 p - 3 scrolls of enchant armour {unknown}
Potions
 h - a potion of agility {unknown}
 i - a potion of ambrosia {unknown}
 j - a potion of degeneration {unknown}
 l - 2 potions of poison {unknown}
Comestibles
 c - 4 bread rations
 n - a beef jerky
 o - a slice of pizza


   Skills:
 + Level 6.1 Fighting
 + Level 6.2 Maces & Flails
 - Level 2.6 Dodging


You had 4 spell levels left.
You didn't know any spells.

Dungeon Overview and Level Annotations

Branches:
Dungeon (3/15)

Altars:
Ashenzari
Okawaru
Ru


Innate Abilities, Weirdness & Mutations

You are too large for most types of armour.
You have tough skin (AC +1).


Message History

You are too injured to fight recklessly!
You are too injured to fight recklessly!
You are too injured to fight recklessly!
You are too injured to fight recklessly!
You are too injured to fight recklessly!
You whack the orc!
You kill the orc!
Trog accepts your kill. The ice beast hits you.
* * * LOW HITPOINT WARNING * * *
The ice beast freezes you!
* * * LOW HITPOINT WARNING * * *
The orc misses you.
Things that are here:
a hand axe; an orc corpse You feel a strong urge to attack something.
The ice beast hits you.
* * * LOW HITPOINT WARNING * * *
The ice beast freezes you.
You die...

########.#.##.##
#)#.#.#.##
#.#..###.## #
#..#.# ##.##.#
#.###.# ##...#
##.#.####.####
...###....#
#######
###.#)###.#
......# #@Yo...#
#####.# ##.#####
..# #.# #.# #.#
#.# #.# #.# #>#
#.# #.# #.# #.#
#.# #.# #.# #.#
#.#.# .# #.#
#.#.#


You could see an ice beast and an orc.

Vanquished Creatures
  Natasha (twice) (D:2)
  5 adders
  A worm (D:2)
  2 giant geckos
  2 orcs (D:3)
  9 bats
  11 goblins
  11 hobgoblins
  4 jackals (D:2)
  9 kobolds
  2 quokkas
  A ball python (D:2)
  3 giant cockroaches
  5 giant newts
  5 rats
72 creatures vanquished.

Notes
Turn   | Place    | Note
--------------------------------------------------------------
     0 | D:1      | Grim the Ogre Berserker began the quest for the Orb.
     0 | D:1      | Reached XP level 1. HP: 24/24 MP: 1/1
   145 | D:1      | Reached XP level 2. HP: 22/33 MP: 2/2
   725 | D:1      | Reached ** piety under Trog
   727 | D:1      | Reached XP level 3. HP: 36/40 MP: 3/3
  1118 | D:1      | Reached skill level 5 in Maces & Flails
  1359 | D:2      | Reached skill level 5 in Fighting
  1984 | D:2      | Reached XP level 4. HP: 20/50 MP: 4/4
  2657 | D:2      | Noticed Natasha
  2665 | D:2      | Killed Natasha
  3050 | D:2      | Reached XP level 5. HP: 57/59 MP: 5/5
  3105 | D:2      | Found an iron altar of Okawaru.
  3168 | D:2      | Noticed Natasha
  3176 | D:2      | Killed Natasha
  3176 | D:2      | Reached skill level 6 in Maces & Flails
  3251 | D:2      | Found a sacrificial altar of Ru.
  4151 | D:3      | Reached *** piety under Trog
  4189 | D:3      | Found a shattered altar of Ashenzari.
  4465 | D:3      | Noticed an ice beast
  4476 | D:3      | HP: 4/88 [ice beast (12)]
  4477 | D:3      | HP: 1/88 [ice beast (3)]
  4477 | D:3      | Slain by an ice beast

Action                   |  1- 3 |  4- 6 || total
-------------------------+-------+-------++-------
Melee: Mace              |    33 |       ||    33
       Whip              |   106 |   150 ||   256
Invok: Berserk           |     1 |     1 ||     2
  Eat: Chunk             |     4 |     7 ||    11
       Bread ration      |       |     1 ||     1
